Map: Echo LE (Void)

Players

HuK - Winner!

  • Race: Protoss Protoss

Wintersc2 (Winter)

  • Race: Terran Terran

VOD

Have the link to the VOD?

Description

Time

  • Played on: April 9, 2015, 8 p.m.
  • Length: 11:53
Show
View Real Time Build Order
Export as new Build Order

HuK Protoss - Winner!

Build Orders: 1 Gate Expand, Phoenix Opening, Phoenix Opening 

Get SALT Encoding   

  12  0:09  Pylon  
  12  0:12  Probe  
  13  0:25  Probe  
  14  0:31  Gateway  
  14  0:37  Probe  
  15  0:50  Probe (Chrono Boost)  
  15  0:52  Assimilator  
  16  1:02  Probe (Chrono Boost)  
  17  1:10  Probe (Chrono Boost)  
  18  1:19  Probe (Chrono Boost)  
  18  1:21  Cybernetics Core  
  19  1:28  Probe (Chrono Boost)  
  20  1:36  Probe  
  20  1:39  Nexus  
  21  1:48  Probe  
  21  1:51  Assimilator  
  22  1:56  Pylon  
  22  1:58  Warp Gate (Chrono Boost)  
  22  2:14  Mothership Core (Chrono Boost)  
  24  2:22  Gateway  
  24  2:25  Stalker  
  24  2:28  Probe (Chrono Boost)  
  27  2:40  Probe (Chrono Boost)  
  28  2:47  Probe (Chrono Boost)  
  29  2:53  Probe  
  29  2:57  Probe  
  31  3:00  Stargate  
  31  3:05  Probe  
  32  3:09  Probe  
  33  3:17  Probe  
  34  3:22  Probe  
  34  3:23  Pylon  
  35  3:29  Probe  
  35  3:31  Forge  
  35  3:34  Probe, Assimilator  
  37  3:38  Assimilator  
  37  3:41  Probe  
  37  3:42  Pylon  
  37  3:44  Phoenix (Chrono Boost)  
  37  3:46  Probe  
  41  3:53  Probe  
  42  3:56  Stalker x2  
  46  4:04  Phoenix  
  48  4:16  Probe x2  
  50  4:28  Probe  
  50  4:29  Protoss Ground Armor Level 1 (Chrono Boost), Phoenix (Chrono Boost)  
  53  4:39  Robotics Facility  
  53  4:40  Probe  
  53  4:44  Probe  
  55  4:47  Pylon, Phoenix  
  58  4:52  Probe  
  58  5:04  Sentry  
  60  5:10  Sentry  
  60  5:11  Pylon  
  62  5:14  Probe  
  62  5:15  Probe, Pylon  
  64  5:22  Gateway  
  64  5:24  Gateway  
  64  5:32  Robotics Bay  
  64  5:33  Observer (Chrono Boost)  
  65  5:37  Gateway  
  65  5:39  Zealot x2, Pylon  
  69  6:00  Observer (Chrono Boost)  
  70  6:04  Stalker  
  70  6:05  Stalker  
  74  6:25  Photon Cannon  
  78  6:28  Photon Cannon  
  78  6:29  Disruptor (Chrono Boost)  
  78  6:31  Probe  
  78  6:32  Pylon  
  79  6:38  Zealot x4  
  86  6:41  Pylon  
  86  6:44  Pylon  
  86  6:52  Disruptor  
  90  6:57  Disruptor (Chrono Boost)  
  90  7:01  Nexus  
  90  7:03  Stalker x3  
  90  7:04  Disruptor  
  96  7:12  Pylon  
  95  7:17  Stalker  
  95  7:21  Warp Prism (Chrono Boost)  
  93  7:46  Phoenix (Chrono Boost)  
  93  7:53  Probe  
  98  7:59  Probe  
  98  8:01  Disruptor, Protoss Ground Weapons Level 1 (Chrono Boost)  
  98  8:02  Photon Cannon  
  102  8:08  Oracle (Chrono Boost)  
  102  8:17  Stalker x4  
  102  8:19  Probe x3, Zealot  
  115  8:28  Assimilator  
  115  8:29  Assimilator  
  115  8:31  Probe x2  
  115  8:33  Phoenix (Chrono Boost)  
  119  8:41  Twilight Council  
  119  8:42  Zealot x3  
  119  8:43  Pylon  
  125  8:56  Phoenix (Chrono Boost)  
  127  9:10  Disruptor  
  127  9:14  Phoenix (Chrono Boost)  
  129  9:18  Charge (Chrono Boost)  
  129  9:22  Zealot x5  
  136  9:24  Probe  
  134  9:32  Phoenix  
  130  9:47  Stalker x3  
  128  9:57  Phoenix  
  128  9:58  Zealot x2  
  123  10:04  Probe x3  
  124  10:15  Zealot x2  
  124  10:16  Probe x2, Zealot  
  124  10:19  Probe  
  131  10:28  Probe x2  
  131  10:33  Probe  
  131  10:35  Photon Cannon  
  132  10:46  Probe  
  133  10:51  Probe x2  
  135  10:58  Probe  
  135  11:01  Immortal (Chrono Boost)  
  135  11:03  Probe, Robotics Bay  
  141  11:06  Probe, Disruptor  
  141  11:11  Probe  
  143  11:15  Probe  
  144  11:20  Probe  
  144  11:23  Probe  
Show
View Real Time Build Order
Export as new Build Order

Wintersc2 Terran 

Build Orders: MMM Bio 

Get SALT Encoding   

  12  0:03  SCV  
  13  0:15  SCV  
  13  0:19  Supply Depot  
  14  0:27  SCV  
  15  0:42  Barracks  
  15  0:46  SCV  
  16  0:58  SCV  
  17  1:10  SCV  
  18  1:19  Command Center  
  18  1:28  Orbital Command  
  18  1:30  Marine  
  19  1:37  Supply Depot  
  19  1:46  Barracks  
  19  1:51  Marine  
  21  1:54  SCV  
  21  2:06  SCV  
  22  2:08  Barracks  
  22  2:10  Marine  
  23  2:20  SCV  
  24  2:23  Refinery  
  24  2:24  Barracks  
  24  2:30  Marine  
  24  2:32  SCV  
  24  2:33  Marine  
  27  2:41  Orbital Command  
  26  2:46  SCV  
  26  2:47  Marine  
  28  2:52  Marine  
  28  2:57  Barracks Tech Lab  
  29  3:00  SCV  
  29  3:01  Refinery  
  29  3:05  Marine  
  30  3:07  SCV  
  30  3:12  SCV  
  33  3:13  Marine x2  
  33  3:19  SCV  
  36  3:20  Supply Depot  
  36  3:24  SCV  
  37  3:27  Marine  
  37  3:32  SCV, Stimpack  
  39  3:36  SCV  
  39  3:37  Marine x3  
  43  3:41  Missile Turret  
  43  3:43  Missile Turret  
  43  3:44  SCV  
  44  3:50  Factory  
  44  3:53  SCV  
  45  4:04  SCV, Marine x2  
  45  4:05  Marine x2  
  46  4:22  Marine x2  
  46  4:23  Marine, Marauder  
  48  4:25  SCV x2  
  49  4:33  Missile Turret  
  49  4:36  Engineering Bay  
  49  4:37  Missile Turret  
  49  4:44  Starport, Marauder  
  49  4:45  Factory Reactor  
  52  4:47  SCV  
  52  4:49  Barracks Reactor x2  
  53  4:53  SCV  
  53  4:59  SCV  
  54  5:00  Refinery  
  54  5:05  Barracks Reactor  
  54  5:06  Supply Depot  
  54  5:08  Supply Depot  
  54  5:13  Refinery  
  54  5:24  SCV  
  54  5:26  SCV  
  54  5:34  Terran Infantry Weapons Level 1  
  54  5:35  Combat Shields  
  54  5:37  SCV  
  54  5:38  SCV  
  54  5:39  Marine x3  
  59  5:44  Factory Reactor  
  59  5:45  Supply Depot  
  59  5:47  Marine x2  
  59  5:49  SCV, Medivac  
  64  5:51  SCV  
  64  5:58  Medivac  
  64  5:59  Marine x3  
  64  6:01  SCV  
  70  6:06  SCV  
  71  6:13  SCV  
  71  6:15  Marine  
  70  6:18  SCV, Marine  
  70  6:19  Medivac, Marine x2  
  70  6:25  SCV  
  77  6:26  Marine  
  78  6:48  Supply Depot  
  78  7:05  Marine  
  78  7:06  SCV  
  78  7:08  SCV  
  78  7:09  Marine x4, Widow Mine  
  78  7:10  Marauder  
  78  7:14  Marine  
  86  7:25  SCV  
  86  7:27  Marine x2  
  86  7:32  SCV  
  86  7:33  Marine  
  86  7:34  Marine  
  86  7:35  Marauder  
  86  7:36  Medivac  
  86  7:37  Medivac  
  86  7:38  SCV, Marine  
  86  7:40  Marine  
  85  7:44  SCV  
  85  7:46  Marine x2  
  85  7:48  Widow Mine  
  85  7:49  Widow Mine  
  85  7:50  SCV  
  85  7:51  Marine  
  83  7:53  Marine  
  83  7:56  Supply Depot, Terran Infantry Armor Level 1, SCV, Marauder  
  83  7:57  Supply Depot  
  86  8:03  Supply Depot  
  86  8:07  Supply Depot  
  86  8:13  Missile Turret  
  86  8:17  Marine  
  86  8:18  SCV x2, Marauder, Marine x4  
  95  8:20  Medivac  
  95  8:24  Marine  
  98  8:31  SCV  
  99  8:35  Marine x3  
  99  8:38  Marine  
  99  8:39  Marauder  
  105  8:42  Marine  
  106  8:48  Widow Mine x2  
  106  8:55  SCV x2  
  112  9:01  Marauder  
  114  9:04  Marine  
  114  9:07  SCV  
  114  9:08  Marine x2  
  114  9:09  Marine x2  
  118  9:13  SCV  
  117  9:17  Marine  
  117  9:22  Marine  
  118  9:25  Supply Depot  
  118  9:27  Supply Depot  
  118  9:43  Marine x2  
  118  9:44  Marine  
  118  9:46  Marine x2, Marauder  
  118  9:47  SCV, Marine  
  112  10:01  Marine x2  
  112  10:02  Marine  
  112  10:04  Marine  
  116  10:08  Marauder  
  116  10:13  Marine  
  116  10:18  Marine  
  116  10:19  Marine  
  116  10:20  Marine  
  104  10:27  Orbital Command  
  104  10:29  SCV  
  104  10:32  Marine  
  104  10:33  Marine x3  
  104  10:34  Medivac  
  111  10:37  Marine  
  111  10:42  Marine  
  112  10:43  Marine  
  114  11:00  Marine x2  
  116  11:09  SCV  
  117  11:13  Marine  
  118  11:22  Marauder, Missile Turret, Marine  
  118  11:23  Missile Turret  
  121  11:25  Marine  
  119  11:32  Marine  
Tags
 
Add a new tag
Caveats
  • Supply blocks, unpowered buildings, or Contaminate may cause inaccurate times.
  • Supply counts are checked every 10 seconds.